 Dungeon Sprint DCSS version 0.20-a0-833-gc632bec (webtiles) character file.

165 Kidiri the Magician (level 5, -4/32 HPs)
             Began as a Deep Elf Fire Elementalist on Mar 7, 2017.
             Was an Initiate of Vehumet.
             Killed from afar by a deep elf mage (36 damage)
             ... with a shard of ice
             ... in the Dungeon (Sprint III: "The Ten Rune Challenge").
             The game lasted 00:02:25 (635 turns).

Kidiri the Magician (Deep Elf Fire Elementalist)     Turns: 635, Time: 00:02:27

Health: -4/32      AC:  2    Str:  5    XL:     5   Next: 21%
Magic:  18/18      EV: 15    Int: 21    God:    Vehumet [......]
Gold:   24         SH:  0    Dex: 15    Spells: 1/19 levels left

rFire    . . .     SeeInvis .   s - +0 dagger (venom)
rCold    . . .     Gourm    .   a - +0 robe
rNeg     . . .     Faith    .   (no shield)
rPois    +         Spirit   .   (no helmet)
rElec    .         Reflect  .   (no cloak)
rCorr    .         Harm     .   (no gloves)
MR       .....     Clarity  +   (no boots) Stlth ++........NoTele +
                                (no amulet)
Regen    0.1/turn               (no ring)
MPRegen  0.2/turn               (no ring)

@: no status effects
A: clarity, high mp 1, poison resistance, sturdy frame 1
a: Renounce Religion


You were in the Dungeon.
You worshipped Vehumet.
Vehumet was noncommittal.
You were not hungry.

You visited 1 branch You collected 24 gold pieces.

Inventory:

Hand Weapons
 s - a +0 dagger of venom (weapon)
Armour
 a - a +0 robe (worn)
Scrolls
 i - a scroll of blinking
 m - 3 scrolls of holy word
 n - a scroll of identify
 o - 3 scrolls of remove curse
Potions
 d - a potion of curing
 e - a potion of heal wounds
 f - a potion of haste
 g - 2 potions of magic
 h - a potion of berserk rage
 l - 3 potions of mutation
 q - a potion of brilliance
 r - 4 potions of flight
Comestibles
 c - a bread ration
 j - 4 chunks of flesh
 p - 6 fruits


   Skills:
 + Level 2.8 Fighting
 + Level 3.3 Short Blades
 + Level 2.8 Armour
 + Level 5.0 Dodging
 - Level 2.4 Stealth
 * Level 7.7 Spellcasting
 + Level 3.9 Conjurations
 + Level 5.3 Fire Magic


You had one spell level left.
You knew the following spells:

 Your Spells              Type           Power        Failure   Level  Hunger
a - Flame Tongue          Conj/Fire      ####.        1%          1    None
b - Throw Flame           Conj/Fire      ####..       1%          2    None
c - Conjure Flame         Conj/Fire      ####....     3%          3    None
d - Inner Flame           Hex/Fire       ###.....     10%         3    None
e - Sticky Flame          Conj/Fire      ####....     14%         4    ###....
f - Fireball              Conj/Fire      ####......   34%         5    #####..


Dungeon Overview and Level Annotations

Branches:
Dungeon (1/1)

Altars:
Elyvilon
Kikubaaqudgha
Sif Muna
Vehumet
Zin
The Shining One


Innate Abilities, Weirdness & Mutations

You possess an exceptional clarity of mind.
You have an increased reservoir of magic. (+10% MP)
Your system is resistant to poisons. (rPois)
Your movements are slightly less encumbered by armour. (ER -2)


Message History

There is a fountain of clear blue water here.
There is a fountain of clear blue water here.
You start resting.
Your magical contamination has completely faded away.
You start resting.
Magic restored.
You open the door.
Found a glowing silver altar of Zin.
A deep elf mage comes into view.
It is wielding a long sword of holy wrath.
Found 2 potions of curing.
Found two altars.
There is an open door here.
Some of the chunks of flesh in your inventory have rotted away.
The helpless deep elf mage fails to defend itself.
You impale the deep elf mage!!
The deep elf mage looks as sick as possible!
The deep elf mage is heavily wounded.
The deep elf mage gestures at you while chanting.
The shard of ice hits you!
Ouch! That really hurt!
You die...

▓▓▓▓▓▓▓ ▓▓▓ ..+...♣♣♣♣
♣.##### ..#......♣
♣♣.#___# ###....♣.♣
♣..#e@.#
..#....≈.♣♣♣..###'#+###+
..#...≈≈♣♣♣...#..........
..#..≈≈≈≈♣♣.♣.'.⌠........
#'#÷.≈≈≈≈≈≈.♣.#...######+
.)#.≈≈≈≈≈≈....#.⌠.#
..#.≈≈≈≈≈.....#...#
..#.≈≈≈.......#+###
###...........#[[)#


You could see a deep elf mage.

Vanquished Creatures
  A water elemental (D)
  A wizard (D)
  Jessica (D)
  A human (D)
  A kobold demonologist (D)
  A wolf (D)
  3 rats (D)
9 creatures vanquished.

Vanquished Creatures (others)
  2 draconian scorchers (D)
  6 hellions (D)
  2 yaktaurs (D)
10 creatures vanquished.

Grand Total: 19 creatures vanquished

Notes
Turn   | Place    | Note
-------+----------+-------------------------------------------
     0 | D        | Kidiri the Deep Elf Fire Elementalist began the quest for the Orb.
     0 | D        | Reached XP level 1. HP: 10/10 MP: 6/6
    99 | D        | Killed a hellion
   101 | D        | Noticed Jessica
   104 | D        | Killed Jessica
   104 | D        | Reached skill level 1 in Fighting
   104 | D        | Reached skill level 1 in Short Blades
   104 | D        | Reached skill level 1 in Armour
   104 | D        | Reached skill level 5 in Spellcasting
   104 | D        | Reached XP level 2. HP: 16/16 MP: 3/10
   107 | D        | Killed a hellion
   126 | D        | Killed a hellion
   146 | D        | Learned a level 2 spell: Throw Flame
   210 | D        | Reached XP level 3. HP: 9/20 MP: 3/12
   215 | D        | Learned a level 3 spell: Conjure Flame
   219 | D        | Learned a level 3 spell: Inner Flame
   230 | D        | Killed a hellion
   257 | D        | Killed a hellion
   333 | D        | Killed a hellion
   375 | D        | Killed a white draconian scorcher
   376 | D        | Killed a yaktaur
   419 | D        | Gained mutation: You possess an exceptional clarity of mind. [potion of mutation]
   419 | D        | Gained mutation: You have an increased reservoir of magic. (+10% MP) [potion of mutation]
   419 | D        | Gained mutation: Your movements are slightly less encumbered by armour. (ER -2) [potion of mutation]
   419 | D        | Gained mutation: Your system is resistant to poisons. (rPois) [potion of mutation]
   434 | D        | Killed a yaktaur
   437 | D        | Killed a white draconian scorcher
   449 | D        | Noticed a water elemental
   451 | D        | Killed a water elemental
   451 | D        | Reached skill level 6 in Spellcasting
   451 | D        | Reached skill level 5 in Fire Magic
   451 | D        | Reached XP level 4. HP: 21/27 MP: 11/16
   489 | D        | Learned a level 4 spell: Sticky Flame
   516 | D        | Found a radiant altar of Vehumet.
   517 | D        | Found a deep blue altar of Sif Muna.
   517 | D        | Found an ancient bone altar of Kikubaaqudgha.
   517 | D        | Noticed a wizard
   519 | D        | Killed a wizard
   519 | D        | Reached skill level 7 in Spellcasting
   519 | D        | Reached XP level 5. HP: 31/31 MP: 9/18
   523 | D        | Reached skill level 5 in Dodging
   540 | D        | Learned a level 5 spell: Fireball
   551 | D        | Became a worshipper of Vehumet
   632 | D        | Found a glowing silver altar of Zin.
   633 | D        | Found a glowing golden altar of the Shining One.
   633 | D        | Found a white marble altar of Elyvilon.
   633 | D        | Noticed a deep elf mage
   635 | D        | Killed from afar by a deep elf mage

Vault maps used:
D:        dungeon_sprint_mu

Skill      XL: |  1  2  3  4  5 |
---------------+----------------+-----
Fighting       | 1 2 |  2.8
Short Blades   | 1 2 3 |  3.3
Armour         | 1 2 |  2.8
Dodging        | 3 4 5 |  5.0
Spellcasting   | 5 6 7 |  7.7
Conjurations   | 2 3 |  3.9
Fire Magic     | 4 5 |  5.3
Stealth        | |  2.4

Action                   |  1- 3 |  4- 6 || total
-------------------------+-------+-------++-------
Melee: Unarmed           |     1 |       ||     1
       Dagger            |     6 |     2 ||     8
 Cast: Flame Tongue      |    16 |     1 ||    17
       Throw Flame       |     2 |       ||     2
       Conjure Flame     |     1 |       ||     1
       Sticky Flame      |       |     2 ||     2
  Use: Scroll            |     2 |       ||     2
       Potion            |     1 |       ||     1
 Stab: Sleeping          |       |     1 ||     1
Armor: Robe              |     1 |       ||     1
Dodge: Dodged            |    10 |     5 ||    15
